Map: Cyber Forest LE

Players

PiG - Winner!

  • Race: Terran Terran
  • League: Grandmaster
  • Spawn Location: 11:00

Bioice

  • Race: Zerg Zerg
  • League: Grandmaster
  • Spawn Location: 5:00

VOD

Have the link to the VOD?

Description

Time

  • Played on: Feb. 19, 2019, 6:19 p.m.
  • Length: 14:33
Show
View Real Time Build Order
Export as new Build Order

PiG Terran - Winner!

Build Orders:  

Get SALT Encoding   

  12  0:00  SCV  
  13  0:13  SCV  
  14  0:17  Supply Depot  
  14  0:25  SCV  
  15  0:29  Refinery  
  15  0:38  SCV  
  16  0:45  Barracks  
  16  0:50  SCV  
  17  1:03  SCV  
  18  1:15  SCV  
  20  1:33  Reaper  
  20  1:34  Orbital Command  
  20  1:44  Command Center  
  20  1:55  Factory  
  20  2:00  SCV  
  21  2:04  Refinery  
  21  2:09  Barracks Reactor  
  21  2:12  SCV  
  21  2:15  Supply Depot  
  22  2:24  SCV  
  23  2:36  SCV  
  23  2:45  Starport  
  23  2:49  Hellion x2  
  23  2:51  SCV  
  28  2:55  Barracks Tech Lab  
  28  2:57  Orbital Command  
  28  3:03  SCV  
  29  3:11  Hellion  
  31  3:21  Fusion Core  
  31  3:25  SCV x2  
  33  3:28  Viking  
  35  3:35  Hellion  
  35  3:37  SCV, Hellion  
  35  3:40  SCV  
  41  3:49  Barracks Tech Lab  
  41  3:54  SCV  
  42  3:56  Supply Depot  
  42  3:57  Supply Depot  
  42  3:58  SCV  
  43  4:06  SCV  
  44  4:10  SCV  
  45  4:17  Hellion  
  45  4:18  SCV  
  45  4:22  SCV  
  49  4:24  Battlecruiser  
  49  4:25  Hellion  
  57  4:32  SCV  
  57  4:37  Supply Depot  
  58  4:44  SCV  
  59  4:47  SCV  
  59  4:51  Command Center  
  60  4:58  SCV  
  60  4:59  SCV, Supply Depot  
  62  5:06  Refinery  
  62  5:08  Marine  
  62  5:10  SCV  
  64  5:14  Barracks  
  64  5:19  Barracks  
  62  5:42  SCV x2  
  64  5:43  Battlecruiser  
  64  5:44  Stimpack, Factory Reactor  
  64  5:48  Engineering Bay, Refinery  
  64  5:49  Engineering Bay  
  70  5:54  SCV x2  
  68  6:06  SCV  
  68  6:08  SCV  
  68  6:09  Orbital Command  
  70  6:12  Marine x3  
  73  6:21  SCV, Barracks x2  
  73  6:23  SCV  
  75  6:31  Terran Infantry Armor Level 1, Terran Infantry Weapons Level 1  
  76  6:33  SCV, Marine  
  76  6:35  SCV, Orbital Command  
  76  6:37  Factory Tech Lab  
  76  6:39  Marine  
  78  6:40  Marine  
  78  6:41  Marine x2  
  82  6:47  Armory  
  82  6:56  Siege Tank  
  82  6:57  SCV  
  82  6:58  SCV  
  87  7:05  SCV  
  87  7:06  Starport Reactor  
  88  7:10  SCV x2  
  88  7:14  Marine x3  
  93  7:18  Supply Depot x2  
  93  7:30  Refinery  
  93  7:31  Supply Depot, Refinery  
  93  7:32  Barracks Reactor x2  
  93  7:39  SCV x2, Marine, Siege Tank  
  93  7:41  Marine, Supply Depot  
  93  7:42  Marine x2, Supply Depot  
  102  7:45  Combat Shield  
  102  7:47  Medivac x2  
  102  7:48  Marine  
  107  7:56  Terran Vehicle Weapons Level 1  
  107  7:57  Marine  
  108  7:59  Marine x2  
  108  8:01  Missile Turret  
  108  8:02  Missile Turret  
  108  8:04  Missile Turret  
  108  8:05  Marine x2  
  111  8:08  SCV  
  111  8:11  Marine, Siege Tank  
  117  8:14  Marine x3  
  117  8:15  Marine  
  117  8:17  Medivac  
  123  8:25  Marine  
  124  8:27  Marine x3  
  124  8:30  Marine  
  124  8:31  Marine  
  128  8:42  Medivac  
  128  8:44  Siege Tank  
  128  8:47  Medivac  
  121  9:01  Marine x2  
  113  9:08  Marine, Factory  
  113  9:09  Marine  
  108  9:11  Marine x2  
  108  9:12  Marine x2  
  108  9:16  Siege Tank, Barracks, Terran Infantry Weapons Level 2  
  115  9:17  Terran Infantry Armor Level 2  
  115  9:18  Barracks  
  115  9:22  Supply Depot x2  
  107  9:28  Marine x2  
  107  9:30  Marine  
  101  9:34  Marine x2  
  101  9:36  SCV x3, Marine x2  
  108  9:45  Supply Depot  
  108  9:46  Marine x2, Supply Depot  
  108  9:47  Marine  
  108  9:48  Siege Tank  
  108  9:50  Marine x2  
  108  9:52  SCV x2  
  118  9:55  SCV  
  119  10:04  SCV  
  119  10:05  SCV  
  119  10:06  Command Center  
  121  10:07  Marine x2  
  121  10:08  Marine x2, Supply Depot  
  121  10:10  Barracks Tech Lab  
  121  10:11  Marine, Barracks Tech Lab  
  119  10:16  Marine x2, Medivac  
  119  10:20  Siege Tank  
  124  10:28  Marine  
  124  10:30  Marine, Marauder  
  124  10:34  SCV, Terran Vehicle Weapons Level 2  
  129  10:38  Supply Depot  
  129  10:41  Marine x3  
  132  10:42  Marine  
  132  10:43  Marine x2  
  132  10:44  Concussive Shells, Marauder x2  
  139  10:52  Siege Tank  
  141  11:00  Siege Tank, Medivac  
  141  11:01  Marine x8, Marauder  
  156  11:05  Marine  
  156  11:06  Marauder  
  159  11:19  Marine x5  
  159  11:24  Siege Tank  
  163  11:33  Medivac x2  
  167  11:47  Marine x5, Marauder  
  169  11:52  Marine, Marauder  
  175  11:55  Marine  
  175  11:56  Marauder, Siege Tank  
  181  12:02  Marine  
  181  12:03  Medivac x2  
  181  12:04  Marine  
  189  12:08  Marauder  
  189  12:11  Marine x2  
  189  12:14  Marauder  
  183  12:18  Marine x4, Marauder  
  183  12:19  Siege Tank  
  183  12:20  Marine  
  183  12:22  Marine  
  193  12:29  Marine x2  
  196  12:35  Marine x2  
  196  12:48  Marine x6  
  196  12:49  Marine  
  196  12:50  Marauder  
  187  12:54  Marauder  
  187  12:56  Marine, Marauder  
  135  13:06  Marine x6  
  135  13:07  Marine  
  135  13:09  Planetary Fortress  
  135  13:10  Marine  
  140  13:13  Marine  
  140  13:15  Marine  
  140  13:17  Marine  
  143  13:20  Command Center  
  143  13:24  Marine x6  
  143  13:25  Marine  
  150  13:28  Marine  
  150  13:31  Marine  
  150  13:32  Marine  
  150  13:33  Siege Tank  
  150  13:34  Medivac  
  149  13:35  Marine  
  140  13:41  Marine x4  
  140  13:42  Marine x2  
  140  13:43  Marine  
  140  13:47  Marauder  
  146  13:49  Siege Tank, Marine  
  146  13:51  Marauder  
  146  13:53  Marauder  
  154  13:59  Marine x5  
  154  14:00  Marine  
  154  14:01  Marine  
  154  14:02  Ghost Academy  
  160  14:07  Marine x2  
  163  14:12  Marine  
  157  14:14  Marine  
Show
View Real Time Build Order
Export as new Build Order

Bioice Zerg 

Build Orders: Hatch First, Brood Lord Corruptor 

Get SALT Encoding   

  12  0:01  Drone  
  13  0:14  Overlord  
  13  0:17  Drone  
  14  0:32  Drone x2  
  16  0:50  Hatchery  
  16  0:52  Drone  
  16  0:58  Drone  
  16  1:00  Drone  
  18  1:08  Extractor  
  17  1:15  Spawning Pool  
  16  1:18  Drone  
  16  1:22  Drone  
  18  1:30  Drone  
  19  1:40  Drone  
  20  1:57  Drone  
  21  2:02  Queen x2  
  21  2:04  Zergling x4  
  27  2:22  Hatchery  
  26  2:24  Overlord  
  26  2:29  Drone x2  
  27  2:43  Drone x3  
  30  2:46  Drone  
  30  2:48  Metabolic Boost  
  30  2:50  Overlord  
  31  2:59  Queen  
  33  3:08  Queen  
  33  3:11  Overlord  
  35  3:15  Drone x3  
  35  3:19  Zergling x4  
  40  3:31  Drone  
  40  3:32  Drone x2  
  43  3:36  Drone x3  
  46  3:48  Drone x5  
  51  3:52  Queen x2  
  55  3:58  Zergling x4  
  55  4:02  Overlord  
  57  4:12  Overlord  
  57  4:18  Baneling Nest  
  57  4:19  Extractor, Queen  
  57  4:24  Zergling x4  
  59  4:27  Overlord  
  59  4:28  Drone  
  59  4:29  Drone x4  
  64  4:32  Drone x3  
  67  4:43  Overlord  
  67  4:47  Drone x3  
  67  4:48  Drone x2  
  67  4:50  Drone  
  73  4:56  Drone  
  73  4:58  Lair  
  74  5:01  Baneling Nest  
  74  5:05  Spore Crawler x2  
  72  5:07  Spore Crawler  
  72  5:08  Drone x6  
  72  5:11  Baneling x2  
  72  5:12  Baneling x4  
  72  5:14  Drone  
  78  5:17  Drone  
  72  5:36  Drone x9  
  79  5:47  Zergling x6  
  79  5:59  Zergling x6  
  79  6:03  Extractor  
  79  6:04  Extractor  
  79  6:10  Roach Warren  
  73  6:14  Drone x8  
  73  6:15  Spire  
  78  6:23  Drone  
  79  6:26  Drone x2  
  79  6:32  Extractor  
  80  6:35  Extractor  
  80  6:39  Overlord  
  79  6:43  Hatchery  
  79  6:45  Overlord x3  
  78  6:50  Overlord x2  
  78  6:51  Glial Reconstitution  
  78  7:03  Queen x3  
  78  7:05  Roach  
  78  7:06  Roach x3  
  92  7:08  Drone  
  92  7:09  Drone  
  94  7:17  Roach x2  
  94  7:18  Roach x2  
  100  7:23  Hatchery  
  100  7:24  Roach x4  
  100  7:29  Corruptor x3  
  107  7:35  Overlord x3  
  113  7:37  Overlord  
  113  7:44  Hatchery  
  113  7:45  Overlord  
  111  7:53  Corruptor x3  
  111  7:54  Corruptor x2  
  111  7:57  Corruptor  
  122  8:08  Roach x4  
  130  8:13  Drone x2, Overlord  
  132  8:22  Corruptor x2  
  132  8:23  Corruptor  
  137  8:28  Zergling x4  
  137  8:30  Ravager  
  137  8:31  Ravager x2  
  140  8:42  Centrifical Hooks  
  140  8:43  Evolution Chamber  
  140  8:45  Evolution Chamber  
  121  8:56  Roach x4  
  121  9:03  Roach x9  
  121  9:06  Roach  
  121  9:09  Roach x2  
  143  9:12  Roach  
  141  9:30  Roach x8  
  146  9:34  Zerg Melee Weapons Level 1, Zerg Ground Armor Level 1  
  146  9:37  Drone x3  
  149  9:48  Ravager x3  
  149  9:49  Drone x3  
  149  9:50  Drone x4  
  149  9:51  Drone  
  160  10:02  Infestation Pit  
  160  10:03  Zergling x2  
  160  10:06  Overlord  
  160  10:07  Overlord x2  
  132  10:23  Zergling x20  
  132  10:24  Zergling x6  
  132  10:26  Baneling x2  
  132  10:27  Ravager x2  
  143  10:29  Zergling x2  
  143  10:33  Zergling x2  
  143  10:34  Zergling x6  
  148  10:38  Hive  
  148  10:41  Zergling x6  
  151  10:43  Baneling  
  151  10:44  Baneling x17  
  151  10:46  Zergling x2  
  151  10:47  Zergling x2  
  153  10:51  Zergling x8  
  157  11:01  Zergling x2  
  157  11:02  Zergling x16  
  166  11:06  Zergling x4  
  168  11:14  Zergling x4  
  168  11:16  Baneling  
  168  11:17  Baneling x7  
  170  11:22  Zergling x10  
  170  11:25  Overlord  
  175  11:27  Hatchery  
  174  11:34  Zergling x10  
  174  11:35  Zergling x8  
  174  11:38  Overlord  
  183  11:46  Overlord  
  184  12:01  Baneling x5  
  182  12:08  Greater Spire  
  182  12:12  Zergling x32  
  182  12:14  Hatchery  
  182  12:15  Baneling x8  
  197  12:17  Zerg Ground Armor Level 2  
  197  12:23  Zergling x6  
  166  12:55  Zergling x32  
  166  12:56  Zergling x4  
  125  13:10  Zergling x2  
  125  13:11  Zergling x6  
  118  13:15  Baneling x7  
  118  13:16  Baneling x5  
  117  13:22  Zergling x2  
  117  13:23  Zergling x10  
  119  13:28  Zergling x2  
  108  13:38  Zergling x2  
  108  13:39  Zergling x6  
  95  13:43  Brood Lord x6  
  95  13:47  Brood Lord  
Tags
 
Add a new tag
Caveats
  • Supply blocks, unpowered buildings, or Contaminate may cause inaccurate times.
  • Supply counts are checked every 10 seconds.